 Dungeon Crawl Stone Soup version 0.28.0-45-g0d030f2227 (webtiles) character file.

Game seed: 4340091547923820419

43669 Icepheonix32 the Carver (level 13, -1/88 HPs)
             Began as a Demonspawn Fighter on Apr 8, 2022.
             Was a High Priest of Dithmenos.
             Slain by a vault guard
             ... wielding a +2 bardiche
              (6 damage)
             ... while paralysed by a great orb of eyes
             ... on level 15 of the Dungeon.
             The game lasted 00:43:43 (20083 turns).

Icepheonix32 the Carver (Demonspawn Fighter)       Turns: 20083, Time: 00:43:44

Health: -1/88      AC: 10    Str: 24    XL:     13   Next: 92%
Magic:  0/19       EV:  2    Int: 18    God:    Dithmenos [*****.]
Gold:   329        SH:  0    Dex: 24    Spells: 19/19 levels left

rFire   . . .      SeeInvis .   u - +9 long sword of Dung {spect, rCorr Int+4}
rCold   . . .      Faith    .   c - +0 buckler
rNeg    . . .      Spirit   +   J - +0 robe of the Pirate {*Corrode Fly rElec Slay+3 Archmagi}
rPois   .          Reflect  .   (helmet restricted)
rElec   +          Harm     .   i - scarf {shadows}
rCorr   +          Rampage  .   Z - +1 pair of gloves "Zabosu" {rCorr Slay+5}
Will    .....      Archmagi +   N - +1 pair of boots
Stlth   +++.......              R - amulet "Esi Teem" {Spirit rElec}
HPRegen 0.24/turn               M - ring "Nuekumo" {Will- Str+6 Dex+8}
MPRegen 0.16/turn               K - +4 ring of protection

@: paralysed, flying, wreathed by umbra
A: horns 1, ignite blood 2, powered by pain 2, big brain 2
a: Renounce Religion, Shadow Step, Shadow Form


You were on level 15 of the Dungeon.
You worshipped Dithmenos.
Dithmenos was extremely pleased with you.
You visited 2 branches of the dungeon, and saw 16 of its levels.
You also visited: Gauntlet.

You collected 1843 gold pieces.
You spent 1514 gold pieces at shops.

Inventory:

Hand Weapons
 u - the +9 long sword of Dung (weapon) {spect, rCorr Int+4}
   (You bought it in a shop on level 4 of the Dungeon)

   When its wielder attacks, the weapon's spirit leaps out and strikes again.
   The spirit shares a part of any damage it takes with its wielder.
   Int:       It affects your intelligence (+4).
   rCorr:     It protects you from acid and corrosion.
Missiles
 a - a throwing net
 b - 5 silver javelins (quivered)
 h - 35 poisoned darts
 k - 179 sling bullets
 O - 8 boomerangs
Armour
 c - a +0 buckler (worn)
 i - a scarf of shadows (worn)
 y - a +0 scale mail of positive energy
 J - the +0 robe of the Pirate (worn) {*Corrode Fly rElec Slay+3 Archmagi}
   (You bought it in a shop on level 4 of the Dungeon)

   Slay:      It affects your accuracy & damage with ranged weapons and melee
   (+3).
   rElec:     It insulates you from electricity.
   Fly:       It grants you flight.
   *Corrode:  It may corrode you when you take damage.
   Archmagi:  It increases the power of your magical spells.
 N - a +1 pair of boots (worn)
 W - a +0 troll leather armour
 X - a +0 scale mail of cold resistance
 Z - the +1 pair of gloves "Zabosu" (worn) {rCorr Slay+5}
   (You found it in a Gauntlet)

   Slay:      It affects your accuracy & damage with ranged weapons and melee
   (+5).
   rCorr:     It protects you from acid and corrosion.
Jewellery
 g - the amulet "Curhuxt" {Acrobat rN++ Dex-3}
   (You found it in a Gauntlet)

   [amulet of the acrobat]

   It increases your evasion while moving and waiting.
   Dex:       It affects your dexterity (-3).
   rN:        It greatly protects you from negative energy.
 s - a ring of positive energy
 D - a ring of poison resistance
 K - a +4 ring of protection (right hand)
 M - the ring "Nuekumo" (left hand) {Will- Str+6 Dex+8}
   (You found it on level 15 of the Dungeon)

   [ring of strength]

   Str:       It affects your strength (+6).
   Dex:       It affects your dexterity (+8).
   Will:      It decreases your willpower.
 R - the amulet "Esi Teem" (around neck) {Spirit rElec}
   (You found it in a Gauntlet)

   [amulet of guardian spirit]

   It causes incoming damage to be divided between your reserves of health and
   magic.
   rElec:     It insulates you from electricity.
 U - a ring of willpower
 Y - a +6 ring of strength
Wands
 v - a wand of flame (44)
 x - a wand of iceblast (29)
 E - a wand of acid (7)
 I - a wand of paralysis (4)
Scrolls
 e - 2 scrolls of summoning
 f - 4 scrolls of enchant armour
 j - 9 scrolls of teleportation
 l - a scroll of holy word
 r - 2 scrolls of amnesia
 z - 3 scrolls of blinking
 B - a scroll of silence
 C - 4 scrolls of fog
 F - 4 scrolls of vulnerability
 H - 4 scrolls of enchant weapon
 P - 3 scrolls of fear
 V - a scroll of brand weapon
Potions
 d - 2 potions of might
 m - 2 potions of haste
 n - 7 potions of curing
 o - 2 potions of resistance
 p - 6 potions of mutation
 q - 3 potions of heal wounds {unknown}
 t - a potion of cancellation
 w - 2 potions of flight {unknown}
 A - 2 potions of invisibility {unknown}
 L - a potion of magic
 Q - 2 potions of attraction
 S - 5 potions of lignification {unknown}
 T - a potion of ambrosia {unknown}
Miscellaneous
 G - a tin of tremorstones (2/2)


   Skills:
 - Level 4.2 Fighting
 - Level 1.1(9.7) Short Blades
 + Level 14.8(14.9) Long Blades
 - Level 3.1(3.2) Slings
 - Level 1.2(2.3) Throwing
 - Level 3.6 Armour
 * Level 13.7 Dodging
 + Level 5.2 Shields
 * Level 3.5 Spellcasting
 * Level 8.5 Invocations


You had 19 spell levels left.
You didn't know any spells.
Your spell library contained the following spells:

 Spells                   Type           Power      Damage    Failure   Level
 Gell's Gravitas          Tloc           4%         N/A       52%         3
 Lesser Beckoning         Tloc           4%         N/A       52%         3
 Teleport Other           Tloc           4%         N/A       52%         3
 Fulminant Prism          Conj/Hex       2%         3d6       89%         4
 Iskenderun's Mystic Bla  Conj/Tloc      4%         2d3       89%         4
 Lee's Rapid Deconstruct  Erth           2%         3d5*      99%         5


Dungeon Overview and Level Annotations

Branches:
Dungeon (15/15)            Temple (1/1) D:4            Lair (0/6) D:11
    Orc (0/2) D:12         Vaults (0/5) D:14         Depths (0/4) D:15
Gauntlet (visited)

Altars:
Ashenzari
Cheibriados
Dithmenos
Elyvilon
Fedhas
Gozag
Hepliaklqana
Kikubaaqudgha
Makhleb
Nemelex Xobeh
Okawaru
Qazlal
Ru
Sif Muna
Trog
Uskayaw
Vehumet
Wu Jian
Xom
Yredelemnul
Zin
The Shining One

Shops:
D:1 *   D:3 *   D:4 ([*[*   D:12 =   D:13 [


Innate Abilities, Weirdness & Mutations

You have a pair of small horns on your head.
Your demonic aura often causes spilled blood to erupt in flames.
You sometimes gain power by taking damage.
You have an extremely huge brain. (Int +4)


Message History

The vault guard hits you from afar with a +2 bardiche!
* * * LOW HITPOINT WARNING * * *
Unknown command.
You bump into the rock wall.
The great orb of eyes completely misses you.
The vault guard completely misses you.
Unknown command.
The great orb of eyes closely misses you.
The vault guard hits you from afar with a +2 bardiche.
* * * LOW HITPOINT WARNING * * *
Unknown command.
The great orb of eyes gazes at you.
You are more confused.
The vault guard hits you but does no damage.
Unknown command.
You feel better. The great orb of eyes gazes at you.
You are confused.
The vault guard closely misses you.
Unknown command.
You feel better.
The vault guard hits you with a +2 bardiche.
The great orb of eyes gazes at you.
You barely resist. The vault guard closely misses you.
The great orb of eyes gazes at you.
You suddenly lose the ability to move!
The great orb of eyes gazes at you.
You shrug off the repeated paralysis!
The vault guard hits you from afar with a +2 bardiche!!
* * * LOW HITPOINT WARNING * * *
The vault guard hits you from afar with a +2 bardiche!
* * * LOW HITPOINT WARNING * * *
The great orb of eyes bites you but does no damage.
The vault guard hits you from afar with a +2 bardiche!
* * * LOW HITPOINT WARNING * * *
The great orb of eyes gazes at you.
You barely resist.
The vault guard hits you from afar with a +2 bardiche!
You die...

......#.≈≈...###..=.##
#.....#.....##......#
#..|..#.....#+##...#
+..............#..##
##+#.....#.....).##
##.....#....###
+.p.........##
#.G○.........#
#..@.#.......####
##.○○..#.....#..##
##......#...'...#
+........#.#...#
#..#.......#...#
+..#.#.....#...#
##....#.#...'...#
#######.......#...#..##
#<...#............####


You could see a vault guard and a great orb of eyes.

Vanquished Creatures
  Jorgrun (D:15)
  A minotaur (Gauntlet)
  2 vault guards
  Erolcha (D:13)
  3 hydras
  2 boulder beetles (D:13)
  3 centaur warriors
  3 two-headed ogres
  A tengu warrior (D:15)
  2 skeletal warriors
  A wretched star (Gauntlet)
  10 ugly things
  A wolf spider zombie (D:15)
  3 deep elf pyromancers
  A necromancer (D:15)
  An orc knight (D:15)
  3 manticores
  2 cyclopes (D:14)
  An ice statue (Gauntlet)
  4 centaur zombies
  4 molten gargoyles (D:14)
  2 gargoyles
  Maggie (D:7)
  A komodo dragon (D:11)
  A kobold demonologist (D:12)
  2 rime drakes (Gauntlet)
  An efreet (Gauntlet)
  A tengu conjurer (D:14)
  2 trolls
  A hornet (D:12)
  A wolf spider simulacrum (D:14)
  Prince Ribbit (D:6)
  13 slime creatures
  2 small abominations (Gauntlet)
  A spriggan (shapeshifter) (D:13)
  17 yaks
  3 wraiths
  4 shadows
  Eustachio (D:6)
  3 wyverns
  11 humans (D:14)
  A steam dragon (D:8)
  2 fire elementals
  Grum (D:11)
  5 vampire mosquitoes
  An acid dragon (D:14)
  Edmund (D:5)
  2 water moccasins
  Duvessa (D:6)
  A floating eye (D:15)
  3 hell hounds (Gauntlet)
  6 orc warriors
  A sky beast (D:6)
  3 ice beasts
  2 necrophages
  4 wolves (D:11)
  10 centaurs
  A kobold brigand (D:8)
  4 bullfrogs (D:11)
  2 gnoll sergeants
  4 scorpions (D:11)
  A wyvern zombie (D:5)
  A water moccasin skeleton (D:6)
  Dowan (D:6)
  7 wights
  14 killer bees
  2 howler monkeys
  A bullfrog skeleton (D:4)
  A gnoll shaman (D:4)
  A jelly (D:2)
  6 orc priests
  6 centaur skeletons
  Terence (D:3)
  3 iguanas
  15 orc wizards
  18 gnolls
  9 adders
  A shadow imp (D:5)
  An ufetubus (D:5)
  3 dart slugs (D:1)
  50 orcs
  4 endoplasms
  2 giant cockroaches (D:4)
  10 goblins
  5 hobgoblins
  3 jackals (D:2)
  8 kobolds
  5 quokkas
  7 ball pythons
  6 bats
  4 frilled lizards
  4 rats
374 creatures vanquished.

Vanquished Creatures (others)
  A yak (D:8)
  3 demonic plants (Gauntlet)
  38 fungi
  38 plants
80 creatures vanquished.

Grand Total: 454 creatures vanquished

Notes
Turn   | Place    | Note
-------+----------+-------------------------------------------
     0 | D:1      | Icepheonix32 the Demonspawn Fighter began the quest for the
                  | Orb.
     0 | D:1      | Reached XP level 1. HP: 18/18 MP: 1/1
   454 | D:1      | Gained mutation: You have an unusually large brain. (Int
                  | +2) [demonic ancestry]
   454 | D:1      | Reached XP level 2. HP: 24/24 MP: 2/2
   454 | D:1      | Found Yfeclek's Assorted Antiques.
   551 | D:1      | Reached skill level 2 in Long Blades
   895 | D:2      | Reached skill level 1 in Slings
   895 | D:2      | Gained mutation: You sometimes gain a little power by
                  | taking damage. [demonic ancestry]
   895 | D:2      | Reached XP level 3. HP: 23/29 MP: 3/3
  1348 | D:2      | Reached XP level 4. HP: 26/35 MP: 4/4
  1837 | D:2      | Found a faded altar of an unknown god.
  2401 | D:3      | Noticed Terence
  2418 | D:3      | Killed Terence
  2419 | D:3      | Reached XP level 5. HP: 23/41 MP: 5/5
  2762 | D:3      | Found Ruvufa's Assorted Antiques.
  3024 | D:3      | Bought a scroll labelled ABOXKA QETUSUO for 23 gold pieces
  3024 | D:3      | Bought a puce potion for 20 gold pieces
  3024 | D:3      | Bought a fizzy clear potion for 20 gold pieces
  3351 | D:4      | Found Amuemmer's Weapon Shop.
  3422 | D:4      | Found Gorphitog's Armour Shop.
  3526 | D:4      | Reached skill level 3 in Long Blades
  3526 | D:4      | Reached XP level 6. HP: 15/47 MP: 6/6
  3603 | D:4      | Reached skill level 1 in Dodging
  4096 | D:4      | Found a staircase to the Ecumenical Temple.
  4109 | D:4      | Found Mesad's Assorted Antiques.
  4185 | D:4      | Found Uhaukac's General Store.
  4225 | D:4      | Reached skill level 1 in Throwing
  4234 | D:4      | Reached skill level 1 in Short Blades
  4277 | Temple   | Entered the Ecumenical Temple
  4795 | Temple   | Became a worshipper of Dithmenos the Shadowed
  4865 | D:4      | Found Iklaf's Armour Emporium.
  5014 | D:4      | Identified a scroll of acquirement
  5015 | D:4      | Acquired 932 gold pieces
  5087 | D:4      | Bought the +9 long sword of Dung {spect, rCorr Int+4} for
                  | 821 gold pieces
  5166 | D:5      | Entered Level 5 of the Dungeon
  5496 | D:5      | Gained mutation: Your demonic aura sometimes causes spilled
                  | blood to erupt in flames. [demonic ancestry]
  5496 | D:5      | Reached XP level 7. HP: 54/54 MP: 7/7
  5896 | D:1      | Bought a scroll of identify for 54 gold pieces
  5896 | D:1      | Bought a scroll labelled TIUBUL ASHRI for 27 gold pieces
  5896 | D:1      | Bought a scroll labelled TYOFRE ESAIL for 27 gold pieces
  5972 | D:4      | Bought a scroll of identify for 28 gold pieces
  5972 | D:4      | Bought a scroll of identify for 28 gold pieces
  6014 | D:4      | Bought a scroll labelled VOIBEWUPPEMNE for 27 gold pieces
  6014 | D:4      | Bought a sedimented red potion for 24 gold pieces
  6346 | D:5      | Noticed Edmund
  6352 | D:5      | Killed Edmund
  7063 | D:5      | Reached skill level 4 in Long Blades
  7417 | D:6      | Gained mutation: You have a pair of small horns on your
                  | head. [demonic ancestry]
  7417 | D:6      | Reached XP level 8. HP: 44/60 MP: 8/8
  7554 | D:6      | Reached skill level 5 in Dodging
  7648 | D:6      | Reached skill level 5 in Long Blades
  7686 | D:6      | Noticed Duvessa
  7688 | D:6      | Noticed Dowan
  7695 | D:6      | Killed Duvessa
  7698 | D:6      | Killed Dowan
  7971 | D:6      | Noticed Eustachio
  7988 | D:6      | Killed Eustachio
  8022 | D:6      | Reached * piety under Dithmenos
  8023 | D:6      | Reached skill level 6 in Long Blades
  8253 | D:6      | Noticed Prince Ribbit
  8259 | D:6      | Killed Prince Ribbit
  8402 | D:7      | Gained mutation: You have an extremely huge brain. (Int +4)
                  | [demonic ancestry]
  8402 | D:7      | Reached XP level 9. HP: 46/65 MP: 9/9
  8520 | D:7      | Noticed Maggie
  8531 | D:7      | Killed Maggie
  8532 | D:7      | Reached skill level 7 in Long Blades
  9006 | D:7      | Reached skill level 8 in Long Blades
  9528 | D:7      | Reached skill level 9 in Long Blades
  9782 | D:8      | Reached ** piety under Dithmenos
  9867 | D:8      | Reached XP level 10. HP: 72/72 MP: 10/10
 10174 | D:8      | Reached skill level 10 in Long Blades
 10775 | D:9      | Reached skill level 11 in Long Blades
 10920 | D:9      | Noticed a deep elf pyromancer
 10925 | D:9      | Killed a deep elf pyromancer
 11256 | D:10     | Entered Level 10 of the Dungeon
 11256 | D:10     | Noticed a gargoyle
 11349 | D:10     | Gained mutation: Your demonic aura often causes spilled
                  | blood to erupt in flames. [demonic ancestry]
 11349 | D:10     | Reached XP level 11. HP: 76/77 MP: 11/11
 11354 | D:10     | Reached *** piety under Dithmenos
 11405 | D:10     | Noticed a two-headed ogre
 11412 | D:10     | Killed a two-headed ogre
 11567 | D:10     | Noticed a two-headed ogre
 11575 | D:10     | Killed a two-headed ogre
 12026 | D:11     | Reached skill level 12 in Long Blades
 12036 | D:11     | Reached skill level 1 in Invocations
 12043 | D:11     | Reached skill level 10 in Dodging
 12154 | D:11     | Noticed Grum
 12163 | D:11     | Killed Grum
 12368 | D:11     | Found a staircase to the Lair.
 12428 | D:11     | Noticed a green ugly thing
 12431 | D:11     | Reached **** piety under Dithmenos
 12436 | D:11     | Killed a green ugly thing
 13178 | D:12     | Found a staircase to the Orcish Mines.
 13341 | D:12     | Noticed a deep elf pyromancer
 13344 | D:12     | Noticed a two-headed ogre
 13348 | D:12     | Killed a two-headed ogre
 13349 | D:12     | Reached XP level 12. HP: 78/83 MP: 12/15
 13351 | D:12     | Reached skill level 13 in Long Blades
 13457 | D:12     | Found Hubrinui's Jewellery Emporium.
 13713 | D:4      | Bought the +0 robe of the Pirate {*Corrode Fly rElec Slay+3
                  | Archmagi} for 415 gold pieces
 14045 | D:13     | Noticed a boulder beetle
 14046 | D:13     | Noticed a centaur warrior
 14052 | D:13     | Killed a boulder beetle
 14053 | D:13     | Reached skill level 5 in Invocations
 14054 | D:13     | Killed a centaur warrior
 14084 | D:13     | Found a blossoming altar of Fedhas.
 14122 | D:13     | Found Jusuut's Armour Boutique.
 14179 | D:13     | Noticed Erolcha
 14187 | D:13     | Killed Erolcha
 14210 | D:13     | Noticed a boulder beetle
 14221 | D:13     | Killed a boulder beetle
 14353 | D:13     | Found a gate leading to a gauntlet.
 14360 | Gauntlet | Entered a Gauntlet
 14360 | Gauntlet | Found a transporter.
 14360 | Gauntlet | Found a transporter.
 14367 | Gauntlet | Found a transporter.
 14374 | Gauntlet | Noticed a blizzard demon
 14380 | Gauntlet | Found a transporter.
 14382 | Gauntlet | Found a transporter.
 14383 | Gauntlet | Noticed a death scarab
 14384 | Gauntlet | Noticed a death scarab
 14385 | Gauntlet | Found a transporter.
 14385 | Gauntlet | Found a transporter.
 14435 | Gauntlet | Found a transporter.
 14445 | Gauntlet | Noticed a catoblepas
 14447 | Gauntlet | Found a transporter.
 14482 | Gauntlet | Found a transporter.
 14509 | Gauntlet | Found a transporter.
 14511 | Gauntlet | Noticed a reaper
 14524 | Gauntlet | Found a transporter.
 14536 | Gauntlet | Found a transporter.
 14626 | Gauntlet | Found a transporter.
 14640 | Gauntlet | Found a transporter.
 14653 | Gauntlet | Found a transporter.
 14851 | Gauntlet | Reached ***** piety under Dithmenos
 15229 | Gauntlet | Identified the +1 pair of gloves "Zabosu" {rCorr Slay+5}
 15484 | Gauntlet | Identified the amulet "Esi Teem" {Spirit rElec}
 15551 | Gauntlet | Identified the amulet "Curhuxt" {Acrobat rN++ Dex-3}
 15585 | Gauntlet | Noticed a minotaur
 15596 | Gauntlet | Killed a minotaur
 15607 | Gauntlet | Identified the +1 long sword of Impermanence {pain, Will+}
 16043 | D:13     | Reached skill level 14 in Long Blades
 16330 | D:13     | Noticed a centaur warrior
 16334 | D:13     | Killed a centaur warrior
 16976 | D:14     | Gained mutation: You sometimes gain power by taking damage.
                  | [demonic ancestry]
 16976 | D:14     | Reached XP level 13. HP: 53/88 MP: 10/18
 17164 | D:14     | Reached skill level 1 in Spellcasting
 18080 | D:14     | Found a gate to the Vaults.
 19632 | D:15     | Entered Level 15 of the Dungeon
 19718 | D:15     | Paralysed by a floating eye for 2 turns
 19721 | D:15     | Reached skill level 5 in Shields
 19884 | D:15     | Found a staircase to the Depths.
 20034 | D:15     | Identified the ring "Nuekumo" {Will- Str+6 Dex+8}
 20056 | D:15     | Noticed Jorgrun
 20064 | D:15     | Killed Jorgrun
 20078 | D:15     | Paralysed by a great orb of eyes for 6 turns
 20082 | D:15     | HP: 4/88 [vault guard/+2 bardiche (7)]
 20083 | D:15     | Slain by a vault guard

Illustrated notes

Levels and vault maps discovered:
D:1:      dpeg_arrival_short_road, layout_rooms, serial_shops, shop,
          nicolae_concentric_dashed_squares_wild
D:2:      layout_loops_ring, shapermc_ecumenical_altar_pompeii
D:3:      layout_rooms, serial_shops, shop, minmay_distorted, uniq_terence
D:4:      layout_rooms, temple_green, serial_shops, kennysheep_mini, shop,
          nicolae_shop_stone, nicolae_shop_crystal, nicolae_inconvenience_store
D:5:      layout_layer_cave, uniq_edmund
D:6:      layout_basic, uniq_eustachio, uniq_duvessa, uniq_prince_ribbit1
D:7:      layout_cave_pools, chequers_serial_rivers_micro_c, uniq_maggie
D:8:      layout_cave_pools
D:9:      layout_cave_pools, minmay_stone_trees_small,
          hangedman_decor_clover_reticule, nicolae_figureground_pulse
D:10:     layout_cave_pools, tso_metal_star
D:11:     layout_stronghold, due_lair_maze_entry_diamond, uniq_grum
D:12:     layout_rooms, serial_shops, nicolae_square_shop
D:13:     layout_layer_cave, serial_shops, nicolae_shop_trees,
          gauntlet_entry_generic, fedhas_ov_isle_minmay, uniq_erolcha
D:14:     layout_layer_cave, ximxim_vaults_locker_room,
          roderic_nine_men_s_morris, minivault_8
D:15:     hangedman_spin_cycle, uniq_jorgrun
Temple:   roderic_octagonal_lattice_temple

Skill      XL: |  1  2  3  4  5  6  7  8  9 10 11 12 13 |
---------------+----------------------------------------+-----
Long Blades    | 2 3 4 6 9 11 12 14 | 14.8
Armour         | 3 |  3.6
Slings         | 1 2 3 |  3.1
Shields        | 3 4 5 |  5.2
Dodging        | 2 4 6 7 9 11 12 13 | 13.7
Throwing       | 1 |  1.2
Short Blades   | 1 |  1.1
Fighting       | 4 |  4.2
Invocations    | 4 6 8 |  8.5
Spellcasting   | 3 |  3.5

Action                   |  1- 3 |  4- 6 |  7- 9 | 10-12 | 13-15 || total
-------------------------+-------+-------+-------+-------+-------++-------
Melee: Long sword        |    14 |     7 |   125 |   312 |   133 ||   591
       Dagger            |     9 |   184 |       |       |       ||   193
       Headbutt          |       |       |    14 |    80 |    35 ||   129
 Fire: Hunting sling     |    77 |    49 |    16 |       |       ||   142
Throw: Dart              |       |     9 |     3 |     8 |     4 ||    24
       Boomerang         |       |       |       |       |     5 ||     5
       Javelin           |       |       |       |       |     2 ||     2
Invok: Shadow Step       |       |       |       |       |     1 ||     1
Evoke: Wand              |       |       |       |     1 |     9 ||    10
       Tin of tremorston |       |       |       |     1 |       ||     1
  Use: Scroll            |       |     3 |     5 |    12 |     1 ||    21
       Potion            |       |       |     1 |     5 |     3 ||     9
 Stab: Distracted        |       |       |     1 |     4 |       ||     5
       Sleeping          |       |       |       |     3 |     1 ||     4
       Paralysed         |       |       |       |       |     3 ||     3
Armor: Scale mail        |    34 |    58 |     3 |       |       ||    95
       Leather armour    |       |       |    21 |     7 |       ||    28
       Steam dragon scal |       |       |       |    35 |       ||    35
       Troll leather arm |       |       |       |    13 |       ||    13
       Robe              |       |       |       |    14 |    33 ||    47
Dodge: Dodged            |    19 |    89 |    89 |   184 |   107 ||   488
Block: Buckler           |    12 |    47 |    33 |    65 |    25 ||   182
